 Dungeon Crawl Stone Soup version 0.19-a0-1216-g363869b (webtiles) character file.

23842 dobroeutro the Bludgeoner (level 13, 0/83 HPs)
             Began as a Gargoyle Fighter on Aug 23, 2016.
             Was the Champion of the Shining One.
             Slain by a skeletal warrior
             ... wielding a +1 halberd of flaming
             ... led by a skeletal warrior
              (7 damage)
             ... on level 13 of the Dungeon.
             The game lasted 00:33:33 (11597 turns).

dobroeutro the Bludgeoner (Gargoyle Fighter)       Turns: 11597, Time: 00:33:34

Health: 0/83       AC: 33    Str: 22    XL:     13   Next: 9%
Magic:  13/13      EV:  8    Int:  7    God:    the Shining One [******]
Gold:   654        SH: 11    Dex: 10    Spells: 0 memorised, 12 levels left

rFire  . . .     SeeInvis .     k - +2 morningstar (crush)
rCold  + + +     Gourm    .     X - +3 chain mail of Calculation {rC+}
rNeg   + + +     Faith    .     c - +0 shield
rPois  ∞         Spirit   .     e - +1 helmet
rElec  +         Dismiss  .     y - +0 cloak
rCorr  .         Reflect  .     s - +2 pair of gloves
MR     .....     Harm     .     I - +0 pair of boots
Stlth  .......... Clarity  +    C - amulet of regeneration
                                (no ring)
                                o - ring of protection from cold

@: glowing
A: thin metallic scales 1, clarity, cold resistance 1, dopey 1, negative energy
resistance 1, electricity resistance, weak 1, wild magic 1, unbreathing,
petrification resistance, rot immunity, AC +9
a: Divine Shield, Cleansing Flame, Summon Divine Warrior, Brand Weapon With Holy
Wrath, Renounce Religion


You were on level 13 of the Dungeon.
You worshipped the Shining One.
The Shining One was exalted by your worship.
You were not hungry.

You visited 1 branch of the dungeon, and saw 13 of its levels.
You also visited: Ossuary.

You collected 870 gold pieces.
You spent 216 gold pieces at shops.

Inventory:

Hand Weapons
 i - a +1 morningstar
 k - a +2 morningstar of crushing (weapon)
Armour
 c - a +0 shield (worn)
 e - a +1 helmet (worn)
 s - a +2 pair of gloves (worn)
 y - a +0 cloak (worn)
 I - a +0 pair of boots (worn)
 R - the +3 hat of Pondering {ponderous, MR+ MP+10 Int+5}
   (You took it off Gastronok on level 8 of the Dungeon)

   It affects your intelligence (+5).
   It affects your resistance to hostile enchantments.
   It affects your magic capacity (+10).
 X - the +3 chain mail of Calculation (worn) {rC+}
   (You found it on level 11 of the Dungeon)

   It protects you from cold.
Jewellery
 h - an uncursed amulet of magic regeneration
 o - a ring of protection from cold (left hand)
 C - an amulet of regeneration (around neck)
 S - an uncursed ring of fire
Wands
 b - a wand of flame (29/48)
 q - a wand of confusion (20/48)
 w - a wand of confusion (43/48)
 G - a wand of heal wounds (8/9)
 H - a wand of disintegration (8/24)
 Y - a wand of flame (44/48)
Scrolls
 j - 4 scrolls of enchant armour
 l - a scroll of identify
 n - 3 scrolls of blinking
 p - a scroll of fog
 r - 3 scrolls of enchant weapon
 t - 2 scrolls of fear
 B - 4 scrolls of teleportation
 E - a scroll of magic mapping
 J - 8 scrolls of remove curse
Potions
 a - 2 potions of beneficial mutation
 d - 5 potions of might
 m - 5 potions of heal wounds
 u - a potion of resistance
 D - 7 potions of curing
 F - a potion of flight
 K - 2 potions of agility {unknown}
 M - 2 potions of cure mutation
 N - 2 potions of haste
 O - a potion of cancellation {unknown}
 Q - 2 potions of lignification {unknown}
 V - 2 potions of mutation
Comestibles
 f - 7 bread rations
 g - 5 royal jellies
 v - 2 slices of pizza
 x - 6 meat rations
 z - 28 fruits
 A - 2 beef jerkies
 L - a chunk of flesh


   Skills:
 + Level 10.7 Fighting
 + Level 15.3 Maces & Flails
 + Level 8.4 Armour
 - Level 3.1 Dodging
 - Level 1.3 Stealth
 + Level 9.4 Shields


You had 12 spell levels left.
You didn't know any spells.

Dungeon Overview and Level Annotations

Branches:
Dungeon (13/15)            Temple (0/1) D:4            Lair (0/6) D:8
    Orc (0/2) D:12
 Vaults: D:13-14

Altars:
Ashenzari
Dithmenos
Fedhas
Nemelex Xobeh
Xom
The Shining One

Shops:
D:7 (   D:11 [   D:13 :


Innate Abilities, Weirdness & Mutations

You are resistant to torment.
Your stone body is resilient. (AC +9)
You are immune to poison.
You resist negative energy. (rN+)
You are resistant to electric shocks. (rElec)
You can survive without breathing.
You are immune to petrification.
You are immune to rotting.
You are partially covered in thin metallic scales. (AC +2)
You possess an exceptional clarity of mind.
Your flesh is cold resistant. (rC+)
You are dopey. (Int -2)
You are weak. (Str -2)
Your spells are a little harder to cast, but a little more powerful.


Message History

The skeletal warrior hits you but does no damage.
You hit the skeletal warrior but do no damage.
The skeletal warrior is severely damaged.
You hit the skeletal warrior but do no damage.
The skeletal warrior is severely damaged.
The skeletal warrior hits you but does no damage.
You hit the skeletal warrior but do no damage.
The skeletal warrior is severely damaged.
The skeletal warrior hits you but does no damage.
You barely miss the skeletal warrior.
The skeletal warrior is severely damaged.
You barely miss the skeletal warrior.
The skeletal warrior is severely damaged.
The skeletal warrior barely misses you.
You hit the skeletal warrior.
The skeletal warrior is severely damaged.
The skeletal warrior hits you with a halberd of flaming!
* * * LOW HITPOINT WARNING * * *
The skeletal warrior burns you!
You die...

######....###.#.#...##.
#.............#.#...##.
#......#####....#<..##. #......#
#....#...... #......#
#....#..#### ########
####.#....#. ###### ####'#.##.#.
#....#########.........'.
#....'.z@...##.....###.#.
#....######.##.........#. #....#
#.#####......#. #.>.z#
#............#. #######
####.######.......####.#.
......######z##...#.......'....#.
..........................##.#.#.
...#...#.#...#......##+####....#.
....#.#...#.#................###.


You could see a skeletal warrior.

Vanquished Creatures
  Gastronok (D:8)
  An ogre mage (D:13)
  A vault guard (D:13)
  A tengu warrior (D:9)
  7 skeletal warriors
  The ghost of Torax the Impaler, a novice MfAK of Lugonu (D:8)
  A hill giant (D:11)
  A deep elf archer (D:13)
  A manticore (D:12)
  An ugly thing (D:11)
  2 cyclopes (D:12)
  A gargoyle (D:13)
  The ghost of Sagrath01 the Changer, a novice NaTm of Gozag (Ossuary)
  A centaur skeleton (D:12)
  A rime drake (shapeshifter) (D:11)
  A tengu conjurer (D:9)
  3 komodo dragons (D:8)
  A yaktaur (D:13)
  2 trolls
  5 slime creatures (D:12)
  A shadow (D:12)
  2 vampires
  A wyvern (D:9)
  3 yaks (D:11)
  A steam dragon (D:8)
  3 vampire mosquitoes (D:13)
  4 hungry ghosts
  A soldier ant (D:13)
  A water moccasin (D:12)
  The ghost of CypherZel the Cutter, an amateur VSEn (D:4)
  9 orc warriors
  3 ice beasts
  2 sky beasts
  A necrophage (D:8)
  5 phantoms
  5 ogres
  6 centaurs
  2 crocodiles (D:8)
  4 big kobolds
  6 giant frogs
  3 wyvern zombies
  2 scorpions
  13 killer bees
  5 wights (D:12)
  3 howler monkeys (D:12)
  3 centaur zombies
  A wasp zombie (Ossuary)
  4 giant frog zombies
  2 hounds
  3 quasits
  2 crimson imps
  3 jellies
  2 giant frog skeletons
  9 orc priests
  Crazy Yiuf (D:4)
  8 mummies (Ossuary)
  21 orc wizards
  Natasha (D:2)
  6 iguanas
  8 worker ants
  Ijyb (D:2)
  5 sheep (D:12)
  A hound zombie (Ossuary)
  A hound skeleton (D:5)
  5 worker ant zombies (Ossuary)
  2 howler monkey zombies
  7 gnolls
  A howler monkey skeleton (D:5)
  10 adders
  A shadow imp (D:5)
  An adder skeleton (D:6)
  An adder zombie (Ossuary)
  2 worms (D:2)
  A dart slug (D:1)
  8 giant geckos
  64 orcs
  5 ball pythons
  7 bats
  4 giant cockroaches
  3 goblins
  6 hobgoblins
  2 jackals (D:10)
  24 kobolds
  5 quokkas
  A giant gecko skeleton (D:4)
  2 giant gecko zombies (Ossuary)
  3 giant newts
  2 hobgoblin zombies (D:5)
  A jackal zombie (Ossuary)
  2 kobold skeletons (D:5)
  A kobold zombie (D:5)
  An orc skeleton (D:5)
  An orc zombie (D:5)
  2 quokka zombies
  38 rats
  3 withered plants (Ossuary)
419 creatures vanquished.

Vanquished Creatures (others)
  A porcupine (D:8)
  4 withered plants (Ossuary)
5 creatures vanquished.

Grand Total: 424 creatures vanquished

Notes
Turn   | Place    | Note
-------+----------+-------------------------------------------
     0 | D:1      | dobroeutro the Gargoyle Fighter began the quest for the Orb.
     0 | D:1      | Reached XP level 1. HP: 14/14 MP: 1/1
   239 | D:1      | Reached XP level 2. HP: 18/19 MP: 2/2
   660 | D:2      | Reached skill level 3 in Maces & Flails
   660 | D:2      | Reached skill level 1 in Dodging
   660 | D:2      | Reached XP level 3. HP: 18/23 MP: 3/3
   679 | D:2      | Noticed Natasha
  1037 | D:2      | Reached XP level 4. HP: 18/28 MP: 4/4
  1046 | D:2      | HP: 1/28 [gnoll/halberd (9)]
  1784 | D:2      | Noticed Ijyb
  1849 | D:2      | Killed Ijyb
  1849 | D:2      | Reached skill level 4 in Maces & Flails
  1849 | D:2      | Reached skill level 1 in Stealth
  1849 | D:2      | Reached XP level 5. HP: 30/32 MP: 5/5
  1920 | D:2      | Killed Natasha
  2023 | D:3      | Noticed a phantom
  2087 | D:2      | Killed a phantom
  2087 | D:2      | Reached XP level 6. HP: 26/37 MP: 6/6
  2565 | D:3      | Found a glowing golden altar of the Shining One.
  2565 | D:3      | Found a sparkling altar of Nemelex Xobeh.
  2566 | D:3      | Found a shimmering altar of Xom.
  2572 | D:3      | Became a worshipper of the Shining One
  2845 | D:4      | Reached skill level 5 in Maces & Flails
  2858 | D:4      | Found a blossoming altar of Fedhas.
  2955 | D:4      | Found a staircase to the Ecumenical Temple.
  3080 | D:4      | Found a shadowy altar of Dithmenos.
  3154 | D:4      | Found a runed door.
  3211 | D:4      | Reached XP level 7. HP: 41/41 MP: 7/7
  3369 | D:4      | Noticed Crazy Yiuf
  3369 | D:4      | Noticed CypherZel's ghost (amateur VSEn)
  3378 | D:4      | Killed Crazy Yiuf
  3384 | D:4      | Killed CypherZel's ghost
  3384 | D:4      | Reached skill level 6 in Maces & Flails
  3449 | D:5      | Entered Level 5 of the Dungeon
  3509 | D:5      | Found a glowing golden altar of the Shining One.
  3518 | D:5      | Reached * piety under the Shining One
  3588 | D:5      | Reached skill level 7 in Maces & Flails
  4011 | D:6      | Gained mutation: You are partially covered in thin metallic scales. (AC +2) [potion of mutation]
  4011 | D:6      | Gained mutation: You are weak. (Str -2) [potion of mutation]
  4011 | D:6      | Gained mutation: You are dopey. (Int -2) [potion of mutation]
  4012 | D:6      | Gained mutation: Your spells are a little harder to cast, but a little more powerful. [potion of mutation]
  4012 | D:6      | Gained mutation: Your flesh is cold resistant. (rC+) [potion of mutation]
  4012 | D:6      | Gained mutation: You possess an exceptional clarity of mind. [potion of mutation]
  4215 | D:6      | Reached XP level 8. HP: 31/46 MP: 8/8
  4219 | D:6      | Reached skill level 8 in Maces & Flails
  4579 | D:6      | Reached skill level 9 in Maces & Flails
  4845 | D:7      | Reached skill level 10 in Maces & Flails
  4904 | D:7      | Reached XP level 9. HP: 36/51 MP: 9/9
  5004 | D:7      | Reached ** piety under the Shining One
  5117 | D:7      | Found Alexip's Antique Weapon Shoppe.
  5132 | D:7      | Bought a glowing morningstar for 72 gold pieces
  5214 | D:7      | Noticed a skeletal warrior
  5282 | D:5      | Reached skill level 11 in Maces & Flails
  5398 | D:7      | Noticed a skeletal warrior
  5444 | D:7      | Killed a skeletal warrior
  5651 | D:7      | Reached skill level 5 in Fighting
  5687 | D:7      | Noticed a skeletal warrior
  5687 | D:7      | Noticed a skeletal warrior
  5687 | D:7      | Noticed a skeletal warrior
  5769 | D:8      | Killed a skeletal warrior
  5769 | D:8      | Reached skill level 5 in Shields
  5769 | D:8      | Reached XP level 10. HP: 35/60 MP: 10/10
  5776 | D:8      | Noticed Gastronok
  5833 | D:8      | Noticed Torax's ghost (novice MfAK)
  5854 | D:8      | Killed Torax's ghost
  5854 | D:8      | Reached skill level 12 in Maces & Flails
  5854 | D:8      | Reached skill level 5 in Armour
  5875 | D:8      | Found a sand-covered staircase.
  5879 | Ossuary  | Entered an ossuary
  5883 | Ossuary  | Noticed Sagrath01's ghost (novice NaTm)
  5894 | Ossuary  | Killed Sagrath01's ghost
  5925 | Ossuary  | Reached *** piety under the Shining One
  6060 | Ossuary  | Reached **** piety under the Shining One
  6488 | D:8      | Killed Gastronok
  6488 | D:8      | Reached XP level 11. HP: 36/67 MP: 11/11
  6608 | D:8      | Reached skill level 13 in Maces & Flails
  6904 | D:8      | Found a staircase to the Lair.
  7465 | D:8      | Killed a skeletal warrior
  8141 | D:9      | Noticed a tengu warrior
  8214 | D:9      | Killed a tengu warrior
  8496 | D:10     | Entered Level 10 of the Dungeon
  8572 | D:10     | Reached ***** piety under the Shining One
  8767 | D:10     | Found a shattered altar of Ashenzari.
  9254 | D:11     | Noticed a hill giant
  9264 | D:11     | Killed a hill giant
  9593 | D:11     | Got a shimmering chain mail
  9604 | D:11     | Identified the +3 chain mail of Calculation {rC+} (You found it on level 11 of the Dungeon)
  9631 | D:11     | Reached skill level 14 in Maces & Flails
  9655 | D:11     | Noticed a purple ugly thing
  9664 | D:11     | Killed a purple ugly thing
  9664 | D:11     | Reached XP level 12. HP: 68/76 MP: 12/12
  9791 | D:11     | Found Ipnunec's Antique Armour Shop.
  9794 | D:11     | Bought a pair of runed gloves for 144 gold pieces
 10343 | D:12     | Found a staircase to the Orcish Mines.
 10943 | D:13     | Reached skill level 10 in Fighting
 11163 | D:13     | Found Nunwe's Book Shoppe.
 11389 | D:13     | Noticed a vault guard
 11389 | D:13     | Reached ****** piety under the Shining One
 11432 | D:13     | Noticed a vault guard
 11433 | D:13     | Noticed an ogre mage
 11465 | D:13     | Killed an ogre mage
 11473 | D:13     | Killed a vault guard
 11473 | D:13     | Reached skill level 15 in Maces & Flails
 11537 | D:13     | Reached XP level 13. HP: 69/83 MP: 13/13
 11597 | D:13     | Slain by a skeletal warrior

Vault maps used:
D:1:      co_arrival_square_in_a_square_in_a_square,
          kennysheep_decorative_pillar
D:2:      minmay_rats_cheesy_pizza, uniq_natasha, uniq_iyjb
D:3:      gammafunk_temple_overflow_claw, serial_corexii_hall,
          corexii_hall_statues_deadend, corexii_hall_statues_l
D:4:      first_bread, kennysheep_flooded_box, fedhas_bush_and_centaur_altar,
          uniq_crazy_yiuf_cottage
D:5:      minivault_23, nicolae_tso_besieged_by_evil
D:7:      serial_shops, shop
D:8:      erik_lair_dragon, enter_ossuary_5, blue_anna_alchemist, uniq_gastronok
D:9:      hangedman_abyss_or_decor_stagger
D:10:     basic_altar
D:11:     serial_shops, nicolae_shop_statue_plus
D:12:     david_orc_2
D:13:     grunt_vaults_entry_fortified, serial_shops, shop,
          minmay_splitting_lines
Ossuary:  ossuary_zaba_flooded

Skill      XL: |  1  2  3  4  5  6  7  8  9 10 11 12 |
---------------+-------------------------------------+-----
Maces & Flails | 3 4 5 7 10 11 12 14 15 | 15.3
Dodging        | 1 2 3 |  3.1
Stealth        | 1 |  1.3
Fighting       | 5 7 9 10 | 10.7
Shields        | 5 6 7 9 |  9.4
Armour         | 4 5 6 8 |  8.4

Action                   |  1- 3 |  4- 6 |  7- 9 | 10-12 | 13-15 || total
-------------------------+-------+-------+-------+-------+-------++-------
Melee: Flail             |   139 |   299 |    98 |       |       ||   536
       Morningstar       |       |       |   182 |   780 |    41 ||  1003
  Use: Scroll            |       |       |    16 |    15 |       ||    31
       Potion            |       |       |     4 |       |       ||     4
  Eat: Chunk             |     1 |     7 |     9 |    15 |       ||    32
       Bread ration      |       |       |       |     3 |       ||     3
Armor: Scale mail        |    73 |   148 |    25 |   171 |       ||   417
       Ring mail         |       |       |    63 |    34 |       ||    97
       Chain mail        |       |       |       |   126 |    16 ||   142
Dodge: Dodged            |    51 |    92 |    70 |   183 |     3 ||   399
Block: Shield            |    74 |   145 |   110 |   301 |    12 ||   642
